 Dungeon Sprint DCSS version 0.30-a0-118-ga018f8e90f (webtiles) character file.

Game seed: 4738123008845156809

1652 BigDaddyOpFi the Cleaver (level 9, -4/90 HPs)
             Began as a Hill Orc Fighter on Sept 13, 2022.
             Was an Initiate of Qazlal.
             Shot with an arrow by a centaur warrior (21 damage)
             ... in the Dungeon (Sprint I: "Red Sonja").
             The game lasted 00:03:37 (1622 turns).

BigDaddyOpFi the Cleaver (Hill Orc Fighter)         Turns: 1622, Time: 00:03:38

Health: -4/90      AC: 16    Str: 23    XL:     9   Next: 0%
Magic:  15/15      EV: 10    Int:  8    God:    Qazlal [......]
Gold:   198        SH:  6    Dex:  7    Spells: 8/8 levels left

rFire   + . .      SeeInvis .    a - +0 war axe
rCold   x . .      Faith    .    c - +0 buckler
rNeg    + . .      Spirit   .    g - +1 scale mail "Hifu" {rElec rN+ Dex-3 Stlth+}
rPois   .          Reflect  .    k - +0 helmet
rElec   +          Harm     .    (no cloak)
rCorr   .          Rampage  .    i - +0 pair of gloves
Will    .....      NoTele   +    (no boots)
Stlth   +.........               (no amulet)
HPRegen 0.25/turn                f - +4 ring of protection
MPRegen 0.14/turn                b - ring of fire

@: no status effects
A: no striking features
a: Renounce Religion


You were in the Dungeon.
You worshipped Qazlal.
Qazlal was noncommittal.
You visited 1 branch You collected 556 gold pieces.
You spent 358 gold pieces at shops.

Inventory:

Hand Weapons
 a - a +0 war axe (weapon)
Armour
 c - a +0 buckler (worn)
 g - the +1 scale mail "Hifu" (worn) {rElec rN+ Dex-3 Stlth+}
   (You bought it in a shop in the Dungeon)

   Dex:       It affects your dexterity (-3).
   rElec:     It insulates you from electricity.
   rN:        It protects you from negative energy.
   Stlth:     It makes you more stealthy.
 i - a +0 pair of gloves (worn)
 k - a +0 helmet (worn)
Jewellery
 b - a ring of fire (right hand)
 f - a +4 ring of protection (left hand)
Wands
 d - a wand of iceblast (7) (quivered)
Potions
 h - 2 potions of magic


   Skills:
 + Level 11.6 Fighting
 + Level 11.9 Axes
 + Level 10.8 Armour
 - Level 1.2 Dodging
 + Level 10.3 Shields
 * Level 8.9 Invocations


You had 8 spell levels left.
You didn't know any spells.
Your spell library contained the following spells:

 Spells                   Type           Power      Damage    Failure   Level
 Freezing Cloud           Conj/Ice/Air   0%         6-21      100%        5
 Simulacrum               Ice/Necr       0%         N/A       100%        6
 Polar Vortex             Ice            0%         N/A       100%        9


Dungeon Overview and Level Annotations

Branches:
Dungeon (1/1)

Altars:
Cheibriados
Dithmenos
Elyvilon
Fedhas
Gozag
Hepliaklqana
Kikubaaqudgha
Makhleb
Nemelex Xobeh
Okawaru
Qazlal
Ru
Sif Muna
Trog
Uskayaw
Vehumet
Wu Jian
Xom
Yredelemnul
Zin
The Shining One
Jiyva
Lugonu

Shops:
D *([


Message History

The centaur warrior hits you but does no damage.
The centaur warrior kicks you. You block the centaur warrior's attack.
The centaur warrior kicks you but does no damage.
You hit the centaur warrior.
The centaur warrior is lightly wounded.
You hit the centaur warrior. You block the centaur warrior's attack.
The centaur warrior kicks you.
The centaur warrior hits you but does no damage.
The centaur warrior kicks you but does no damage.
You hit the centaur warrior.
The centaur warrior is lightly wounded.
You hit the centaur warrior.
The centaur warrior hits you but does no damage.
The centaur warrior kicks you but does no damage.
You block the centaur warrior's attack.
The centaur warrior kicks you but does no damage.
You completely miss the centaur warrior.
The centaur warrior is lightly wounded.
You slash the centaur warrior! The centaur warrior hits you.
The centaur warrior kicks you but does no damage.
The centaur warrior hits you!
* * * LOW HITPOINT WARNING * * *
The centaur warrior kicks you but does no damage.
The centaur warrior hits you but does no damage.
The centaur warrior kicks you.
* * * LOW HITPOINT WARNING * * *
The centaur warrior hits you but does no damage.
The centaur warrior closely misses you.
Unknown command.
Unknown command.
Blink to where?
Press: ? - help, Dir - move target
As you read the scroll of blinking, it crumbles to dust.
The centaur warrior attacks as you move away!
The centaur warrior hits you!
* * * LOW HITPOINT WARNING * * *
The centaur warrior kicks you but does no damage.
The centaur warrior wields a +0 longbow.
The centaur warrior shoots an arrow.
The arrow hits you!!
You die...

<.#..').#..'..#__#
..').#..').#..'..+
..#####'#####'#__####
..####..#...#.####§[#
..#__####..##.#~~~§§#
..#_____##'#_.+§§§..+
⌠⌠#_.∩..)'..._#§§cc§#
###_..__##_.#'##§####
#_____###'#.#§@..###
###########.####'###.##
∩........'...[...§.'.∩#
##++++####...##########
##.## #+#


You could see a centaur warrior.

Vanquished Creatures
  Sonja (D)
  A deep troll (D)
  A slime creature (D)
  A yak (D)
  Sigmund (D)
  An ogre (D)
  A jelly (D)
  Ijyb (D)
8 creatures vanquished.

Notes
Turn   | Place    | Note
-------+----------+-------------------------------------------
     0 | D        | BigDaddyOpFi the Hill Orc Fighter began the quest for the
                  | Orb.
     0 | D        | Reached XP level 1. HP: 19/19 MP: 1/1
     2 | D        | Noticed Ijyb
    14 | D        | Killed Ijyb
    15 | D        | Reached skill level 5 in Fighting
    15 | D        | Reached XP level 2. HP: 26/29 MP: 2/2
    15 | D        | Reached XP level 3. HP: 32/36 MP: 3/3
    19 | D        | Noticed an ogre
    21 | D        | Killed an ogre
    22 | D        | Reached skill level 5 in Axes
    22 | D        | Reached skill level 5 in Shields
    22 | D        | Reached XP level 4. HP: 41/45 MP: 4/4
    24 | D        | Noticed Sigmund
    36 | D        | Killed Sigmund
    37 | D        | Reached XP level 5. HP: 23/56 MP: 5/5
    37 | D        | Reached XP level 6. HP: 26/62 MP: 6/6
   266 | D        | Found a burning altar of Makhleb.
   266 | D        | Found a viscous altar of Jiyva.
   266 | D        | Found a shimmering altar of Xom.
   266 | D        | Found a corrupted altar of Lugonu.
   266 | D        | Noticed a slime creature
   278 | D        | Killed a slime creature
   279 | D        | Reached skill level 1 in Dodging
   279 | D        | Reached XP level 7. HP: 17/71 MP: 7/7
   638 | D        | Found an ornate altar of the Wu Jian Council.
   638 | D        | Found a shimmering blue altar of Sif Muna.
   640 | D        | Found a radiant altar of Vehumet.
   714 | D        | Found Pecegeo's Antique Weapon Emporium.
   714 | D        | Found an ancient bone altar of Kikubaaqudgha.
   714 | D        | Found a hazy altar of Hepliaklqana.
   714 | D        | Found a stormy altar of Qazlal.
   714 | D        | Found a hide-covered altar of Uskayaw.
   714 | D        | Found a blossoming altar of Fedhas.
   714 | D        | Found a bloodstained altar of Trog.
   714 | D        | Found an iron altar of Okawaru.
   714 | D        | Found a basalt altar of Yredelemnul.
   714 | D        | Found a glowing golden altar of the Shining One.
   714 | D        | Found a snail-covered altar of Cheibriados.
   714 | D        | Found a sacrificial altar of Ru.
   714 | D        | Found a glowing silver altar of Zin.
   714 | D        | Found a shadowy altar of Dithmenos.
   714 | D        | Found a white marble altar of Elyvilon.
   714 | D        | Noticed a yak
   723 | D        | Killed a yak
   724 | D        | Reached skill level 10 in Fighting
   724 | D        | Reached skill level 10 in Axes
   724 | D        | Found an opulent altar of Gozag.
   725 | D        | Found a sparkling altar of Nemelex Xobeh.
  1025 | D        | Became a worshipper of Qazlal Stormbringer
  1045 | D        | Noticed Sonja
  1056 | D        | Killed Sonja
  1057 | D        | Reached skill level 10 in Armour
  1057 | D        | Reached XP level 8. HP: 43/82 MP: 7/13
  1075 | D        | Found Muexots's General Store.
  1342 | D        | Noticed a deep troll
  1349 | D        | Killed a deep troll
  1350 | D        | Reached skill level 10 in Shields
  1350 | D        | Reached XP level 9. HP: 58/90 MP: 13/15
  1558 | D        | Found Vitin's Armour Emporium.
  1568 | D        | Bought the +1 scale mail "Hifu" {rElec rN+ Dex-3 Stlth+}
                  | for 260 gold pieces
  1568 | D        | Bought a +0 pair of gloves for 49 gold pieces
  1568 | D        | Bought a +0 helmet for 49 gold pieces
  1613 | D        | Noticed a centaur warrior
  1616 | D        | Noticed a centaur warrior
  1622 | D        | Shot with an arrow by a centaur warrior

Illustrated notes

Levels and vault maps discovered:
D:        dungeon_sprint_1 [red_sonja_temple_1, red_sonja_temple_small_1]

Skill      XL: |  1  2  3  4  5  6  7  8 |
---------------+-------------------------+-----
Fighting       | 5 6 8 9 11 | 11.6
Axes           | 3 5 7 9 11 | 11.9
Armour         | 4 6 7 8 10 | 10.8
Shields        | 4 5 7 8 9 10 | 10.3
Dodging        | 1 |  1.2
Invocations    | 6 8 |  8.9

Action                   |  1- 3 |  4- 6 |  7- 9 || total
-------------------------+-------+-------+-------++-------
Melee: War axe           |    12 |    21 |    26 ||    59
Evoke: Wand              |       |       |     2 ||     2
  Use: Potion            |     1 |     1 |     3 ||     5
       Scroll            |       |       |     2 ||     2
Armor: Scale mail        |     4 |     3 |    22 ||    29
Dodge: Dodged            |     6 |     3 |    17 ||    26
Block: Buckler           |     3 |     3 |    10 ||    16

Table legend: (Time is in decaauts)
 A = Elapsed time spent in this place.
 B = Non-inter-level travel time spent in this place.
 C = Inter-level travel time spent in this place.
 D = Time resting spent in this place.
 E = Time spent auto-exploring this place.
 F = Levels seen in this place.
 G = Mean time per level.
                   A        B        C        D        E       F      G
               +--------+--------+--------+--------+--------+-----+--------+
         Total |   1619 |   1619 |      0 |   1321 |      0 |   1 | 1619.0 |
       Dungeon |   1619 |   1619 |      0 |   1321 |      0 |   1 | 1619.0 |
               +--------+--------+--------+--------+--------+-----+--------+

Top non-repeatable levels by time:
       D: 1619 daAuts
